 Dungeon Sprint DCSS version 0.26-a0-651-gb41185065b (webtiles) character file.

Game seed: 17969705545277360767

0 sahdkjhfkaj the Insei (level 3, -1/23 HPs)
             Began as an Octopode Transmuter on Sept 28, 2020.
             Was an Initiate of Gozag.
             Slain by an iguana (14 damage)
             ... in the Dungeon (Sprint VI: "Thunderdome").
             The game lasted 00:00:35 (103 turns).

sahdkjhfkaj the Insei (Octopode Transmuter)          Turns: 103, Time: 00:00:36

Health: -1/23      AC:  1    Str: 10    XL:     3   Next: 12%
Magic:  6/6        EV: 13    Int: 15    God:    Gozag
Gold:   245        SH:  0    Dex: 12    Spells: 5/6 levels left

rFire    . . .     SeeInvis .     - Unarmed
rCold    . . .     Faith    .   (no shield)
rNeg     . . .     Spirit   .   (helmet restricted)
rPois    .         Reflect  .   (no amulet)
rElec    .         Harm     .   (no ring)
rCorr    .         Rampage  .   (no ring)
MR       .....     NoTele   +   (no ring)
Stlth    ++........             (no ring)
HPRegen  0.07/turn              (no ring)
MPRegen  0.10/turn              (no ring)
                                (no ring)
                                (no ring)

@: no status effects
A: almost no armour, stealthy swim, amphibious, 8 rings, constrict 8, camouflage
1, gelatinous body 1
a: Potion Petition, Call Merchant, Bribe Branch, Renounce Religion


You were in the Dungeon.
You worshipped Gozag.
Gozag was aware of your devotion.
You visited 1 branch You collected 245 gold pieces.

Inventory:

Wands
 a - a wand of acid (5)
 h - a wand of iceblast (5)
Scrolls
 g - 4 scrolls of blinking
 i - 3 scrolls of fog
Potions
 c - 4 potions of heal wounds
 d - 4 potions of haste
 e - 2 potions of magic
 f - a potion of berserk rage
 j - a potion of resistance


   Skills:
 - Level 1.0 Fighting
 - Level 2.0 Dodging
 + Level 6.7 Unarmed Combat
 - Level 2.0 Spellcasting
 - Level 2.0 Transmutations


You had 5 spell levels left.
You knew the following spells:

 Your Spells              Type           Power        Failure   Level
a - Beastly Appendage     Tmut           #.....       10%         1

Your spell library contained the following spells:

 Spells                   Type           Power        Failure   Level
 Wereblood                Tmut           #.......     14%         2
 Spider Form              Tmut/Pois      #.........   41%         3
 Ice Form                 Ice/Tmut       #.......     82%         4
 Blade Hands              Tmut           #.........   95%         5


Dungeon Overview and Level Annotations

Branches:
Dungeon (1/1)

Altars:
Cheibriados
Dithmenos
Fedhas
Gozag
Kikubaaqudgha
Makhleb
Okawaru
Qazlal
Ru
Sif Muna
Trog
Uskayaw
Vehumet
Wu Jian
Xom
Yredelemnul
Zin
The Shining One
Beogh
Jiyva
Lugonu

Shops:
D *[??*?*:[((!!!!


Innate Abilities, Weirdness & Mutations

You cannot wear most types of armour.
You are very stealthy in the water. (Stealth+)
You are amphibious.
You can wear up to eight rings at the same time.
You can use your tentacles to constrict eight enemies at once.
Your skin changes colour to match your surroundings (Stealth+).
Your rubbery body absorbs attacks. (AC +1, EV +1)


Message History

You tentacle-slap the orc. You squeeze the orc.
The orc is severely wounded.
You constrict the orc, but do no damage.
The orc closely misses you.
You tentacle-slap the orc but do no damage.
You squeeze the orc.
You kill the orc!
You now have 245 gold pieces (gained 45).
Things that are here:
a +0 club; a +0 leather armour You start resting.
An iguana comes into view.
An iguana is nearby!
An iguana is nearby!
You barely miss the iguana.
The iguana hisses angrily.
You grab the iguana. You constrict the iguana. The iguana bites you!
Ouch! That really hurt!
You die...
Your body crumbles into a pile of gold.

######.8.........8.######
#⌠...........⌠#
###...).....###
#_......._# #_......._#
#_........# #∩.......∩#
##∩.....∩## ##.@l..##
##⌠⌠§## #####


You could see an iguana.

Vanquished Creatures
  Jessica (D)
  An orc (D)
2 creatures vanquished.

Notes
Turn   | Place    | Note
-------+----------+-------------------------------------------
     0 | D        | sahdkjhfkaj the Octopode Transmuter began the quest for the
                  | Orb.
     0 | D        | Reached XP level 1. HP: 13/13 MP: 3/3
     1 | D        | Found an iron altar of Okawaru.
     1 | D        | Found a shadowy altar of Dithmenos.
     3 | D        | Found a snail-covered altar of Cheibriados.
     3 | D        | Found a burning altar of Makhleb.
     4 | D        | Found a sacrificial altar of Ru.
     4 | D        | Found a corrupted altar of Lugonu.
     4 | D        | Found Voqulah's Staff Store.
     4 | D        | Found Niyfami's Magic Scroll Shop.
     5 | D        | Found a stormy altar of Qazlal.
     5 | D        | Found Wuolus's Must-Have Magic.
     5 | D        | Found Jiffeg's Magic Scroll Shop.
     5 | D        | Round 1.
    21 | D        | Found a glowing silver altar of Zin.
    22 | D        | Noticed Jessica
    25 | D        | Found a shimmering blue altar of Sif Muna.
    25 | D        | Found an ornate altar of the Wu Jian Council.
    25 | D        | Found Gaifang's Jewellery.
    26 | D        | Found Senetes's Advanced Armour.
    27 | D        | Found a blossoming altar of Fedhas.
    27 | D        | Found a basalt altar of Yredelemnul.
    27 | D        | Found a viscous altar of Jiyva.
    27 | D        | Found Fem Ziorch's Identification Station.
    33 | D        | Found a roughly hewn altar of Beogh.
    37 | D        | Found a radiant altar of Vehumet.
    38 | D        | Found a hide-covered altar of Uskayaw.
    41 | D        | Killed Jessica
    41 | D        | Reached skill level 6 in Unarmed Combat
    41 | D        | Reached XP level 2. HP: 6/18 MP: 5/5
    41 | D        | Reached XP level 3. HP: 8/23 MP: 6/6
    42 | D        | Found Poiris's Premium Goods.
    43 | D        | Found an opulent altar of Gozag.
    43 | D        | Found a shimmering altar of Xom.
    43 | D        | Found Hiegame's Weapon Rack.
    43 | D        | Found Zaoliex's Miscellaneous Merchandise.
    43 | D        | Found Giyrurou's Basic Armour.
    47 | D        | Found an ancient bone altar of Kikubaaqudgha.
    48 | D        | Found a glowing golden altar of the Shining One.
    51 | D        | Became a worshipper of Gozag Ym Sagoz the Greedy
    61 | D        | Found a bloodstained altar of Trog.
    61 | D        | Found Casuh's Do-It-Yourself Clinic.
    61 | D        | Found Tucen's Bottled Wisdom.
    62 | D        | Found Ogri Ovo's Distillery.
    63 | D        | Found Aczeug's Distillery.
   103 | D        | Slain by an iguana

Illustrated notes

Levels and vault maps discovered:
D:        arena_sprint

Skill      XL: |  1 |
---------------+----+-----
Unarmed Combat | 6 |  6.7
Fighting       | |  1.0
Dodging        | |  2.0
Spellcasting   | |  2.0
Transmutations | |  2.0

Action                   || total
-------------------------++-------
Melee: Unarmed           ||     9
       Constrict         ||     5
       Tentacles         ||     3
  Use: Potion            ||     1
Dodge: Dodged            ||     5

Table legend: (Time is in decaauts)
 A = Elapsed time spent in this place.
 B = Non-inter-level travel time spent in this place.
 C = Inter-level travel time spent in this place.
 D = Time resting spent in this place.
 E = Time spent auto-exploring this place.
 F = Levels seen in this place.
 G = Mean time per level.
                   A        B        C        D        E       F      G
               +--------+--------+--------+--------+--------+-----+--------+
         Total |    108 |    108 |      0 |     29 |     22 |   1 |  108.0 |
       Dungeon |    108 |    108 |      0 |     29 |     22 |   1 |  108.0 |
               +--------+--------+--------+--------+--------+-----+--------+

Top non-repeatable levels by time:
       D: 108 daAuts
